[Event "Titled Tuesday Blitz August 08 Early 2023"]
[White "Wagner, Dennis"]
[Black "LangesNasenhaar"]
[WhiteFideId "24650684"]
[WhiteElo "2741"]
[BlackElo "2566"]
[Result "1-0"]
[Round "7"]
[TimeControl "180+1"]
[Date "2023.08.08"]
[WhiteClock "0:00:04"]
[BlackClock "0:00:03"]
[Board "48"]

1. e4 d6 2. d4 Nf6 3. Nc3 e5 4. Nf3 Nbd7 5. Bc4 Be7 6. a4 c6 7. O-O O-O 8. h3 h6 9. Re1 Re8 10. Be3 exd4 11. Bxd4 Bf8 12. a5 Qc7 13. Nh4 Ne5 14. Bb3 Be6 15. f4 Bxb3 16. cxb3 Ned7 17. Qf3 Re6 18. Nf5 Rae8 19. Ng3 c5 20. Bxf6 Nxf6 21. Nh5 Nxh5 22. Qxh5 Qc6 23. Kh2 g6 24. Qd1 Bg7 25. f5 Bxc3 26. fxe6 Bxe1 27. exf7+ Kxf7 28. Qf3+ Kg7 29. Rxe1 Qd7 30. Rd1 Qe6 31. Qg3 Rd8 32. Rd5 g5 33. h4 g4 34. Rf5 Qxe4 35. Rf4 Qe6 36. Rxg4+ Kh8 37. Rg6 Qe5 38. Rxh6# 1-0


[Site "https://www.chess.com"]

[Event "Titled Tuesday Blitz August 08 Early 2023"]
[White "Di Nicolantonio, Lucas"]
[Black "Jaracz, Pawel"]
[WhiteFideId "680460"]
[BlackFideId "1102222"]
[WhiteElo "2562"]
[BlackElo "2741"]
[Result "0-1"]
[Round "7"]
[TimeControl "180+1"]
[Date "2023.08.08"]
[WhiteClock "0:00:06"]
[BlackClock "0:00:07"]
[Board "49"]

1. Nf3 d5 2. e3 Bg4 3. c4 Bxf3 4. Qxf3 c6 5. Nc3 e6 6. b3 g6 7. Bb2 Bg7 8. h4 h5 9. O-O-O Nh6 10. Kb1 Nd7 11. cxd5 cxd5 12. Bb5 O-O 13. Qf4 Nc5 14. f3 a6 15. Be2 a5 16. g4 e5 17. Qg5 d4 18. gxh5 dxc3 19. dxc3 Qb6 20. Rdg1 Ne6 21. Qe7 Rfe8 22. Qa3 Qxe3 23. Bb5 gxh5 24. Bc1 Qxc3 25. Bxh6 Rec8 26. Bxg7 Nxg7 27. Rg2 Kh8 28. Rhg1 Nf5 29. Bd7 Qd3+ 30. Ka1 Qxd7 31. Qb2 Qd4 32. Rg5 Qxb2+ 33. Kxb2 Ng7 34. Rxg7 Rg8 35. R7g5 Rxg5 36. Rxg5 f6 37. Rg6 Rf8 38. Kc3 Kh7 39. Rg1 Rd8 40. a4 Rd4 41. Rh1 Rf4 42. Rd1 Kg6 43. Rd7 Rxf3+ 44. Kc4 Rf4+ 45. Kc5 Rb4 46. Rd3 Kf5 47. Rf3+ Ke6 48. Rg3 e4 49. Rg8 Kf5 50. Re8 Kf4 51. Re6 f5 52. Rh6 Rxb3 53. Rxh5 e3 54. Rh8 e2 55. Re8 Re3 0-1


[Site "https://www.chess.com"]

[Event "Titled Tuesday Blitz August 08 Early 2023"]
[White "Fiorito, Joaquin"]
[Black "Mendez Fortes, Eduardo Jesus"]
[WhiteFideId "180173"]
[BlackFideId "3502376"]
[WhiteElo "2737"]
[BlackElo "2559"]
[Result "1-0"]
[Round "7"]
[TimeControl "180+1"]
[Date "2023.08.08"]
[WhiteClock "0:00:54"]
[BlackClock "0:00:22"]
[Board "50"]

1. d4 Nf6 2. c4 e6 3. Nc3 Bb4 4. e3 O-O 5. Bd2 c5 6. a3 Bxc3 7. Bxc3 b6 8. dxc5 bxc5 9. Bd3 Bb7 10. Nf3 Ne4 11. Qc2 f5 12. Be2 d6 13. O-O Qe7 14. Rad1 Nd7 15. b3 Ndf6 16. Ba1 a5 17. Nd2 Nxd2 18. Qxd2 Ne4 19. Qc2 Rab8 20. f3 Nf6 21. Qd2 Rfd8 22. Bc3 a4 23. b4 Bc6 24. b5 Bb7 25. Qb2 e5 26. Rd2 Kh8 27. Rfd1 Qe6 28. Bxe5 Ne8 29. Bf4 Rd7 30. Bd3 Rf7 31. Bf1 h6 32. Qc3 Rd8 33. Qa5 Ra8 34. Qb6 g5 35. Bxd6 Qxe3+ 36. Kh1 Kg8 37. Bxc5 Qb3 38. Qg6+ Rg7 39. Qe6+ Rf7 40. Rd7 1-0


[Site "https://www.chess.com"]

[Event "Titled Tuesday Blitz August 08 Early 2023"]
[White "Kleiman, Jake"]
[Black "Nazari, Arad"]
[WhiteFideId "2020041"]
[BlackFideId "12577324"]
[WhiteElo "2656"]
[BlackElo "2736"]
[Result "0-1"]
[Round "7"]
[TimeControl "180+1"]
[Date "2023.08.08"]
[WhiteClock "0:00:00"]
[BlackClock "0:00:18"]
[Board "51"]

1. e4 c5 2. c3 d5 3. exd5 Qxd5 4. d4 g6 5. Nf3 Bg7 6. Na3 Nh6 7. Nb5 Na6 8. Be3 Nf5 9. Be2 cxd4 10. Nbxd4 Nxe3 11. fxe3 O-O 12. O-O Rd8 13. Bxa6 bxa6 14. Qe2 Bb7 15. a3 e5 16. Nc2 a5 17. Rfd1 Qb3 18. Nce1 Bf6 19. Rab1 Be4 20. Nd2 Qb7 21. Nxe4 Qxe4 22. Qf3 Qxf3 23. gxf3 Rab8 24. Nd3 e4 25. fxe4 Bxc3 26. b3 Rb5 27. Kg2 Rdb8 28. Nc1 Rg5+ 29. Kf3 Be5 30. Rd2 Rh5 31. Nd3 Rh3+ 32. Kg4 Rxe3 33. Nf2 Rbxb3 34. Rxb3 Rxb3 35. h3 Rxa3 36. Rd5 f6 37. Nd3 Bh2 38. Rd7 a4 39. Kf3 Rb3 40. Ke2 Bg1 41. h4 a3 42. Rd5 Bb6 0-1


[Site "https://www.chess.com"]

[Event "Titled Tuesday Blitz August 08 Early 2023"]
[White "Salman, Pavel"]
[Black "splendidkid"]
[WhiteFideId "24153753"]
[WhiteElo "2552"]
[BlackElo "2735"]
[Result "0-1"]
[Round "7"]
[TimeControl "180+1"]
[Date "2023.08.08"]
[WhiteClock "0:00:09"]
[BlackClock "0:00:14"]
[Board "52"]

1. d4 Nf6 2. Nc3 d5 3. Bf4 g6 4. Nb5 Na6 5. e3 c6 6. Nc3 Nc7 7. Bd3 Bg7 8. Nge2 O-O 9. h3 Nce8 10. g4 Nd6 11. Ng3 Nd7 12. Bxd6 exd6 13. h4 c5 14. Nce2 cxd4 15. exd4 Qb6 16. h5 Bxd4 17. Nxd4 Qxd4 18. Qe2 Ne5 19. f3 Qf4 20. Qf2 Nxf3+ 21. Kf1 Bxg4 22. Re1 Rae8 23. Rxe8 Rxe8 24. Kg2 Qf6 25. hxg6 fxg6 26. c4 Nh4+ 27. Kg1 Re1+ 28. Qxe1 Nf3+ 29. Kf2 Nxe1+ 30. Kxe1 Qe5+ 31. Ne2 dxc4 32. Bxc4+ d5 33. Bd3 Qe3 34. Rg1 Bxe2 35. Rg2 Bxd3+ 36. Kd1 d4 0-1


[Site "https://www.chess.com"]

[Event "Titled Tuesday Blitz August 08 Early 2023"]
[White "Ismagilov, Damir"]
[Black "Prohaszka, Peter"]
[WhiteFideId "34199982"]
[BlackFideId "726265"]
[WhiteElo "2551"]
[BlackElo "2733"]
[Result "1-0"]
[Round "7"]
[TimeControl "180+1"]
[Date "2023.08.08"]
[WhiteClock "0:00:14"]
[BlackClock "0:00:02"]
[Board "53"]

1. d4 d5 2. c4 e6 3. Nc3 Nf6 4. cxd5 exd5 5. Bg5 c6 6. e3 h6 7. Bh4 Be7 8. Bd3 O-O 9. Qc2 Nbd7 10. Nf3 Re8 11. O-O Ne4 12. Bxe4 Bxh4 13. Bh7+ Kh8 14. Nxh4 Qxh4 15. Bd3 Nf6 16. b4 a6 17. a4 Ng4 18. h3 Nf6 19. Ne2 Bxh3 20. gxh3 Qxh3 21. Bf5 Qh4 22. Kg2 g6 23. Bh3 Re4 24. Ng3 Re7 25. Rh1 Ne4 26. Bf5 Qg5 27. Bxe4 Rxe4 28. b5 Rae8 29. bxc6 bxc6 30. Qxc6 h5 31. Qd7 Kg7 32. Kf1 R4e7 33. Qd6 h4 34. Ne2 Re4 35. Qh2 Rg4 36. Rg1 Ree4 37. Rc1 h3 38. Ng3 Re6 39. Qxh3 f5 40. Rh1 f4 41. Qh8+ Kf7 42. Rh7# 1-0


[Site "https://www.chess.com"]

[Event "Titled Tuesday Blitz August 08 Early 2023"]
[White "Shyam, Sundar M."]
[Black "Burmakin, Vladimir"]
[WhiteFideId "5019141"]
[BlackFideId "4105109"]
[WhiteElo "2725"]
[BlackElo "2542"]
[Result "1-0"]
[Round "7"]
[TimeControl "180+1"]
[Date "2023.08.08"]
[WhiteClock "0:00:33"]
[BlackClock "0:00:29"]
[Board "54"]

1. e4 c6 2. Nc3 d5 3. Nf3 dxe4 4. Nxe4 Nf6 5. Qe2 Nxe4 6. Qxe4 Be6 7. c4 Nd7 8. d4 Nf6 9. Qc2 Bg4 10. Be3 Bxf3 11. gxf3 e6 12. O-O-O Qa5 13. Kb1 Bd6 14. Rg1 g6 15. Rg5 Qc7 16. h4 Bf4 17. Rg1 O-O-O 18. Qc1 Nh5 19. Bh3 f5 20. Rge1 Rhe8 21. Bf1 Kb8 22. c5 e5 23. dxe5 Bxe5 24. Bc4 f4 25. Bd2 Bd4 26. Rxe8 Rxe8 27. Bxf4 Nxf4 28. Rxd4 Ne2 29. Qe1 Qg7 30. Rd1 Qe7 31. Bxe2 1-0


[Site "https://www.chess.com"]

[Event "Titled Tuesday Blitz August 08 Early 2023"]
[White "Droin, Augustin"]
[Black "Timmermans, Mark"]
[WhiteFideId "45105987"]
[BlackFideId "1026399"]
[WhiteElo "2539"]
[BlackElo "2722"]
[Result "0-1"]
[Round "7"]
[TimeControl "180+1"]
[Date "2023.08.08"]
[WhiteClock "0:02:08"]
[BlackClock "0:02:47"]
[Board "55"]

1. e4 e5 2. Nf3 Nc6 3. Bb5 f5 4. d4 fxe4 5. Nxe5 Nxe5 6. dxe5 c6 7. Bc4 Qa5+ 8. Nc3 Qxe5 9. O-O d5 10. Bb3 Bd6 11. f4 Qe7 12. Bxd5 cxd5 13. Nxd5 Bc5+ 14. Kh1 Qf7 15. Re1 Be6 16. Rxe4 O-O-O 17. c4 Nf6 0-1


[Site "https://www.chess.com"]

[Event "Titled Tuesday Blitz August 08 Early 2023"]
[White "Volkov, Maksim"]
[Black "Perrine, Dalton"]
[WhiteFideId "54123070"]
[BlackFideId "2048434"]
[WhiteElo "2721"]
[BlackElo "2537"]
[Result "1-0"]
[Round "7"]
[TimeControl "180+1"]
[Date "2023.08.08"]
[WhiteClock "0:00:57"]
[BlackClock "0:00:03"]
[Board "56"]

1. d4 Nf6 2. c4 e6 3. g3 d5 4. Bg2 dxc4 5. Nf3 c5 6. O-O Nc6 7. Qa4 Bd7 8. Qxc4 b5 9. Qc3 b4 10. Qd3 Rc8 11. Nbd2 Be7 12. dxc5 Bxc5 13. Nb3 Bb6 14. Rd1 O-O 15. Bg5 Be8 16. Qa6 Bd7 17. Rac1 Qe7 18. Bxf6 gxf6 19. Nfd2 Ne5 20. Ne4 f5 21. Nd6 Rxc1 22. Nxc1 Ng4 23. e3 Rd8 24. Nc4 Bc8 25. Qa4 Rxd1+ 26. Qxd1 Bc5 27. Nd3 Nf6 28. Qa4 Kg7 29. Qc6 Bb6 30. Nxb6 axb6 31. Qxc8 1-0


[Site "https://www.chess.com"]

[Event "Titled Tuesday Blitz August 08 Early 2023"]
[White "Yanchenko, Roman"]
[Black "Mammadzada, Gunay"]
[WhiteFideId "4137329"]
[BlackFideId "13403729"]
[WhiteElo "2721"]
[BlackElo "2536"]
[Result "1-0"]
[Round "7"]
[TimeControl "180+1"]
[Date "2023.08.08"]
[WhiteClock "0:01:08"]
[BlackClock "0:00:00"]
[Board "57"]

1. d4 d5 2. Nf3 Nf6 3. Bf4 e6 4. e3 Bd6 5. Bd3 O-O 6. O-O b6 7. Nbd2 Ba6 8. Bxa6 Nxa6 9. Ne5 h6 10. c4 c5 11. Qa4 Nb8 12. dxc5 bxc5 13. cxd5 exd5 14. Rfd1 Qe7 15. Nd3 Nbd7 16. Rac1 Nb6 17. Bxd6 Qxd6 18. Qa5 c4 19. Nf4 g5 20. Ne2 Qe5 21. Nd4 Rfc8 22. h3 g4 23. hxg4 Nxg4 24. N2f3 Qh5 25. b3 Qg6 26. bxc4 dxc4 27. Ne5 Nxe5 28. Qxe5 Kh7 29. Ne2 Re8 30. Qb5 Rg8 31. Nf4 Qe4 32. Rd4 Qe7 33. Qf5+ Kh8 34. Qh5 Qf6 35. Rcd1 Rg5 36. Qh3 Rag8 37. Rd6 1-0


[Site "https://www.chess.com"]

[Event "Titled Tuesday Blitz August 08 Early 2023"]
[White "Eynullayev, Atilla"]
[Black "Akobian, Varuzhan"]
[WhiteFideId "13413570"]
[BlackFideId "13300580"]
[WhiteElo "2534"]
[BlackElo "2714"]
[Result "0-1"]
[Round "7"]
[TimeControl "180+1"]
[Date "2023.08.08"]
[WhiteClock "0:00:21"]
[BlackClock "0:01:40"]
[Board "58"]

1. d4 e6 2. c4 f5 3. Nf3 Nf6 4. g3 d5 5. Bg2 c6 6. O-O Bd6 7. b3 O-O 8. Ba3 Bxa3 9. Nxa3 Qd6 10. Nc2 Bd7 11. Nce1 Be8 12. Nd3 Nbd7 13. Qc2 Ne4 14. Nfe5 Nxe5 15. Nxe5 Bh5 16. f3 Nf6 17. cxd5 cxd5 18. Rac1 Nd7 19. Qc7 Qxc7 20. Rxc7 Nxe5 21. dxe5 Rf7 22. Rfc1 Raf8 23. Kf2 Rxc7 24. Rxc7 Rf7 25. Rc1 Rd7 26. Ke3 Be8 27. Kd4 Kf7 28. e3 Ke7 29. Bf1 Kd8 30. Bd3 Rc7 31. Rxc7 Kxc7 32. h3 g6 33. h4 h6 34. Kc5 g5 35. hxg5 hxg5 36. g4 fxg4 37. fxg4 b6+ 38. Kd4 Bc6 39. a4 a5 40. e4 dxe4 41. Bxe4 Bxe4 42. Kxe4 Kc6 43. Kd4 b5 44. axb5+ Kxb5 45. Kd3 Kb4 46. Kc2 a4 47. bxa4 Kxa4 48. Kd3 Kb5 49. Kd4 Kb4 50. Kd3 Kc5 51. Kc3 Kd5 52. Kd3 Kxe5 53. Ke3 Kd5 54. Kd3 e5 55. Ke3 e4 56. Kf2 Ke5 57. Ke3 Kd5 58. Kf2 Kd4 59. Ke2 e3 60. Ke1 Ke4 61. Ke2 Kf4 62. Kd3 Kf3 0-1


[Site "https://www.chess.com"]

[Event "Titled Tuesday Blitz August 08 Early 2023"]
[White "Domingo Nunez, Alejandro"]
[Black "Morefield, Jason"]
[WhiteFideId "22245561"]
[BlackFideId "30920825"]
[WhiteElo "2531"]
[BlackElo "2697"]
[Result "0-1"]
[Round "7"]
[TimeControl "180+1"]
[Date "2023.08.08"]
[WhiteClock "0:00:00"]
[BlackClock "0:00:11"]
[Board "59"]

1. Nf3 d5 2. g3 g6 3. d4 Bg7 4. Bg2 c6 5. O-O Nf6 6. c4 dxc4 7. a4 O-O 8. Na3 a5 9. Nxc4 Be6 10. Ne3 Na6 11. Bd2 Nd5 12. Bc3 Nxe3 13. fxe3 Bd5 14. Qd3 Nb4 15. Bxb4 axb4 16. e4 Be6 17. Rad1 Rxa4 18. d5 Qb6+ 19. Kh1 Bc8 20. Qb3 Ra5 21. Nd2 Rc5 22. Nc4 Qb5 23. d6 exd6 24. Nxd6 Be6 25. Qe3 Qb6 26. Nxb7 Rb5 27. Qxb6 Rxb6 28. Nd6 Bxb2 29. e5 Bxe5 30. Ne4 Bd5 31. Nc5 Bxg2+ 32. Kxg2 Rb5 33. Nd7 Re8 34. Rf3 b3 35. Rdd3 b2 36. Rb3 b1=Q 37. Rxb1 Rxb1 0-1


[Site "https://www.chess.com"]

[Event "Titled Tuesday Blitz August 08 Early 2023"]
[White "Korchmar, Vasiliy"]
[Black "Papayan, Oleg"]
[WhiteFideId "24131750"]
[BlackFideId "4193911"]
[WhiteElo "2697"]
[BlackElo "2515"]
[Result "1-0"]
[Round "7"]
[TimeControl "180+1"]
[Date "2023.08.08"]
[WhiteClock "0:01:04"]
[BlackClock "0:00:31"]
[Board "60"]

1. e4 d5 2. exd5 Qxd5 3. Nc3 Qd8 4. d4 c6 5. Nf3 Bf5 6. Bc4 e6 7. O-O Nf6 8. Ne5 Nbd7 9. Bg5 Nxe5 10. dxe5 Qxd1 11. Raxd1 Nd7 12. Nb5 Rc8 13. Rxd7 f6 14. Rfd1 cxb5 15. Bxb5 Rc5 16. exf6 gxf6 17. Bxf6 Rxb5 18. Bxh8 Bxc2 19. R1d2 Bh6 20. Rd8+ Ke7 21. R2d7# 1-0


[Site "https://www.chess.com"]

[Event "Titled Tuesday Blitz August 08 Early 2023"]
[White "Mmukka"]
[Black "Seemann, Jakub"]
[BlackFideId "21874697"]
[WhiteElo "2492"]
[BlackElo "2683"]
[Result "1-0"]
[Round "7"]
[TimeControl "180+1"]
[Date "2023.08.08"]
[WhiteClock "0:00:07"]
[BlackClock "0:00:05"]
[Board "61"]

1. e4 g6 2. d4 Bg7 3. Nc3 d6 4. Be3 Nd7 5. Qd2 e6 6. Nf3 h6 7. Bc4 Ne7 8. O-O b6 9. Bb3 Bb7 10. Rfe1 Kf8 11. Rad1 Kg8 12. h4 Kh7 13. a4 a6 14. Bf4 Nf6 15. e5 Nfd5 16. Nxd5 Bxd5 17. Bxd5 Nxd5 18. Bg3 b5 19. axb5 axb5 20. b3 b4 21. Ra1 Qd7 22. Qd3 Qc6 23. h5 Qc3 24. hxg6+ fxg6 25. Qxc3 bxc3 26. exd6 cxd6 27. Bxd6 Rhe8 28. Rxa8 Rxa8 29. Rxe6 Ra2 30. Re2 Kg8 31. g3 Kf7 32. Kg2 g5 33. Ne5+ Bxe5 34. Rxe5 Nf6 35. Re2 Nd5 36. Re5 Nf6 37. Re2 g4 38. f3 h5 39. fxg4 hxg4 40. Bb4 Nd5 41. Bd6 Kf6 42. Kf2 Ra1 43. Re5 Nb6 44. Rc5 Ke6 45. Be5 Nd5 46. Rc6+ Ke7 47. Rc5 Ke6 48. Rc6+ Kf5 49. Ke2 Ke4 50. Bg7 Nb4 51. Rxc3 Nd5 52. Rc6 Nb4 53. Re6+ Kd5 54. Re5+ Kd6 55. c3 Nd5 56. c4 Ra2+ 57. Kd3 Nb4+ 58. Ke4 Nc6 59. c5+ Kd7 60. Rg5 Re2+ 61. Kf4 Ne7 62. Kxg4 Rf2 63. Be5 Ke6 64. b4 Nd5 65. b5 Ne3+ 66. Kh3 Rf1 67. g4 Rg1 68. Bg3 Nd5 69. Re5+ Kf6 70. Rxd5 Kg6 71. Rf5 Rh1+ 72. Kg2 Rb1 73. Bf2 Rb2 74. c6 Rxb5 75. Rxb5 1-0


[Site "https://www.chess.com"]

[Event "Titled Tuesday Blitz August 08 Early 2023"]
[White "Sokolovsky, Yahli"]
[Black "Iljin, Timofey"]
[WhiteFideId "2820242"]
[BlackFideId "14110180"]
[WhiteElo "2681"]
[BlackElo "2491"]
[Result "1-0"]
[Round "7"]
[TimeControl "180+1"]
[Date "2023.08.08"]
[WhiteClock "0:00:12"]
[BlackClock "0:00:04"]
[Board "62"]

1. b3 f5 2. Bb2 Nf6 3. e3 g6 4. Bxf6 exf6 5. h4 d5 6. d4 h5 7. Nh3 Be6 8. Be2 Bd6 9. g3 Qd7 10. Nf4 Bf7 11. c4 dxc4 12. bxc4 Nc6 13. Nc3 O-O 14. Ncd5 Kg7 15. Rb1 Rab8 16. Kf1 a6 17. a4 Bxf4 18. Nxf4 Na5 19. d5 c6 20. Rb6 cxd5 21. cxd5 Qc7 22. Qd4 Qe5 23. Qb4 Bxd5 24. Qxa5 Qa1+ 25. Qe1 Qxe1+ 26. Kxe1 Bxh1 27. Ne6+ Kf7 28. Nxf8 Rxf8 29. f3 g5 30. Rxb7+ Kg6 31. Kf2 g4 32. Rb1 Bxf3 33. Bxf3 gxf3 34. Kxf3 Rc8 35. Rb6 Ra8 36. a5 Ra7 37. Kf4 Ra8 38. Kf3 Ra7 39. Rc6 Ra8 40. Rd6 Ra7 41. Rd8 Rb7 42. Ra8 Rb4 43. Rxa6 Ra4 44. Ra8 Kg7 45. a6 Kh7 46. Ke2 Kg7 47. Kd3 Kh7 48. Kc3 Kg7 49. Kb3 Ra1 50. Kc4 Ra4+ 51. Kb5 Ra1 52. Rc8 Rb1+ 53. Ka5 Ra1+ 54. Kb6 Kg6 55. Rc5 Rb1+ 56. Rb5 Ra1 57. a7 f4 58. exf4 f5 59. Ra5 Rb1+ 60. Ka6 Rb8 61. axb8=Q Kf6 62. Qb6+ Kg7 63. Rc5 Kh7 64. Rc7+ Kg8 65. Qb8# 1-0


[Site "https://www.chess.com"]

[Event "Titled Tuesday Blitz August 08 Early 2023"]
[White "Hoang, Thi Bao Tram"]
[Black "arenal72"]
[WhiteFideId "12401102"]
[WhiteElo "2681"]
[BlackElo "2491"]
[Result "0-1"]
[Round "7"]
[TimeControl "180+1"]
[Date "2023.08.08"]
[WhiteClock "0:00:15"]
[BlackClock "0:00:23"]
[Board "63"]

1. Nf3 Nc6 2. g3 e5 3. d3 d5 4. Bg2 Nf6 5. O-O Be7 6. c4 O-O 7. cxd5 Nxd5 8. Nc3 Be6 9. a3 h6 10. Qc2 a5 11. Bd2 f6 12. Ne4 a4 13. Rac1 Nb6 14. Nh4 Bb3 15. Qb1 Nd4 16. Rfe1 f5 17. Nc5 Bxh4 18. gxh4 Qxh4 19. e3 Ne6 20. Nxe6 Bxe6 21. Rxc7 Rac8 22. Rec1 Rxc7 23. Rxc7 f4 24. exf4 exf4 25. Bc3 Rf7 26. Qe1 Rxc7 27. Qxe6+ Rf7 28. Qe8+ Rf8 29. Qe6+ Rf7 30. Qe8+ Rf8 31. Qg6 Qg5 32. Qxg5 hxg5 33. Bxb7 f3 34. h3 Nd7 35. Kh2 Nc5 36. Bd5+ Kh7 37. Kg3 Kh6 38. d4 Nd3 39. Bxf3 Rb8 40. d5 Nxb2 41. Be2 Rb3 42. d6 Rxc3+ 43. Kg4 Nc4 44. Bxc4 Rxc4+ 45. Kf5 Rf4+ 46. Ke6 Rxf2 47. d7 Rd2 0-1


[Site "https://www.chess.com"]

[Event "Titled Tuesday Blitz August 08 Early 2023"]
[White "Devaev, Alexander"]
[Black "Nava, Roderick"]
[WhiteFideId "4169395"]
[BlackFideId "5201730"]
[WhiteElo "2464"]
[BlackElo "2673"]
[Result "1-0"]
[Round "7"]
[TimeControl "180+1"]
[Date "2023.08.08"]
[WhiteClock "0:00:11"]
[BlackClock "0:00:04"]
[Board "64"]

1. Nf3 c5 2. c4 g6 3. Nc3 Bg7 4. e3 Nf6 5. Be2 O-O 6. O-O d5 7. cxd5 Nxd5 8. a3 Nc6 9. Ne4 b6 10. d3 Bb7 11. Qc2 Rc8 12. Re1 Qd7 13. Rb1 Rfd8 14. Bf1 h6 15. h3 f5 16. Ng3 e5 17. Nd2 Qf7 18. b3 Nd4 19. exd4 cxd4 20. Qb2 Nc3 21. Qa1 b5 22. Bb2 h5 23. Rbc1 h4 24. Ne2 Bh6 25. Rxc3 dxc3 26. Bxc3 Rxd3 27. Nf3 Bxf3 28. gxf3 Rdxc3 29. Nxc3 Bd2 30. Nxb5 Bxe1 31. Qxe1 Qxb3 32. Qxe5 Rf8 33. Nd6 Qd1 34. Qe6+ Kg7 35. Qe7+ Kg8 36. Qe6+ Kg7 37. Qe5+ Kg8 38. Kg2 Rd8 39. Bc4+ Kf8 40. Qf6# 1-0


[Site "https://www.chess.com"]

[Event "Titled Tuesday Blitz August 08 Early 2023"]
[White "Fus, Jakub"]
[Black "Jumanov, Elbek"]
[WhiteFideId "1193023"]
[BlackFideId "14202905"]
[WhiteElo "2672"]
[BlackElo "2443"]
[Result "1-0"]
[Round "7"]
[TimeControl "180+1"]
[Date "2023.08.08"]
[WhiteClock "0:00:37"]
[BlackClock "0:00:00"]
[Board "65"]

1. d4 Nf6 2. c4 c5 3. e3 g6 4. Nc3 Bg7 5. Nf3 O-O 6. dxc5 Na6 7. Be2 Nxc5 8. O-O d6 9. Nd4 Nfe4 10. Nxe4 Nxe4 11. Qc2 Nc5 12. b3 e5 13. Nb5 Bf5 14. Qd1 e4 15. Rb1 a6 16. Nxd6 Qh4 17. Ba3 b6 18. Qd5 Be6 19. Qc6 Be5 20. g3 Qf6 21. Nxe4 Nxe4 22. Qxe4 Rae8 23. Bxf8 Kxf8 24. Bg4 1-0


[Site "https://www.chess.com"]

[Event "Titled Tuesday Blitz August 08 Early 2023"]
[White "Wong, Zhenyong Jayden"]
[Black "Rychagov, Andrey"]
[WhiteFideId "5821975"]
[BlackFideId "4119932"]
[WhiteElo "2441"]
[BlackElo "2671"]
[Result "1-0"]
[Round "7"]
[TimeControl "180+1"]
[Date "2023.08.08"]
[WhiteClock "0:01:38"]
[BlackClock "0:00:55"]
[Board "66"]

1. g3 d5 2. Nf3 c6 3. Bg2 Bg4 4. O-O Nd7 5. d3 Ngf6 6. h3 Bh5 7. c4 e6 8. b3 Be7 9. Bb2 O-O 10. Nbd2 a5 11. a3 b5 12. Qc2 Qb8 13. Nd4 Rc8 14. Rfc1 Bg6 15. cxb5 c5 16. Nc6 Qd6 17. e4 dxe4 18. dxe4 Bf8 19. Nc4 Qc7 20. Qe2 Nb6 21. Be5 Qb7 22. N6xa5 Qa7 23. Nc6 Qb7 24. Nd6 Bxd6 25. Bxd6 Nbd7 26. Ne7+ 1-0


[Site "https://www.chess.com"]

[Event "Titled Tuesday Blitz August 08 Early 2023"]
[White "Mika, Tomasz"]
[Black "Weetik, Vjacheslav"]
[WhiteFideId "1132970"]
[BlackFideId "4153472"]
[WhiteElo "2434"]
[BlackElo "2662"]
[Result "0-1"]
[Round "7"]
[TimeControl "180+1"]
[Date "2023.08.08"]
[WhiteClock "0:00:29"]
[BlackClock "0:01:07"]
[Board "67"]

1. e4 c6 2. d4 d5 3. e5 Bf5 4. h4 Qb6 5. Bd3 Qxd4 6. Nf3 Qg4 7. Bxf5 Qxf5 8. c4 Qe4+ 9. Be3 Qxc4 10. e6 fxe6 11. Nbd2 Qg4 12. Qb3 b6 13. Rc1 Nf6 14. Kf1 Nfd7 15. Rh3 e5 16. Rg3 Qf5 17. Rg5 Qf6 18. Nxe5 Nxe5 19. Bd4 Nbd7 20. Nf3 Nxf3 0-1


[Site "https://www.chess.com"]

[Event "Titled Tuesday Blitz August 08 Early 2023"]
[White "Fominykh, Maria"]
[Black "Keleberda, Tymur"]
[WhiteFideId "4142411"]
[BlackFideId "14174294"]
[WhiteElo "2300"]
[BlackElo "2555"]
[Result "0-1"]
[Round "7"]
[TimeControl "180+1"]
[Date "2023.08.08"]
[WhiteClock "0:00:00"]
[BlackClock "0:01:20"]
[Board "68"]

1. d4 Nf6 2. c4 e6 3. g3 d5 4. Nf3 dxc4 5. Qa4+ Nbd7 6. Bg2 a6 7. Qxc4 b5 8. Qd3 Bb7 9. O-O c5 10. Nc3 cxd4 11. Qxd4 Bc5 12. Qh4 O-O 13. b3 h6 14. Bb2 Qe7 15. Rac1 Rfd8 16. Rfd1 Rac8 17. e3 Nb6 18. Ne2 Rxd1+ 19. Rxd1 Ba3 20. Bxf6 Qxf6 21. Qxf6 gxf6 22. Nfd4 Bxg2 23. Kxg2 f5 24. Kf1 Kg7 25. h3 Kf6 26. Rd2 Nd5 27. Nf4 Rc1+ 28. Ke2 Nc3+ 29. Kf3 e5 30. Nh5+ Kg6 31. Nc6 Kxh5 32. Nxe5 Rd1 33. g4+ Kg5 34. Nxf7+ Kg6 35. Rxd1 Nxd1 36. Ne5+ Kf6 37. Nd7+ Kg5 38. Kg3 fxg4 39. hxg4 Nc3 40. Nb8 a5 41. Nc6 a4 0-1


[Site "https://www.chess.com"]

[Event "Titled Tuesday Blitz August 08 Early 2023"]
[White "Muradli, Mahammad"]
[Black "Feliz Dotel, Dewar Bienvenido"]
[WhiteFideId "13409301"]
[BlackFideId "6402801"]
[WhiteElo "2896"]
[BlackElo "2196"]
[Result "1-0"]
[Round "7"]
[TimeControl "180+1"]
[Date "2023.08.08"]
[WhiteClock "0:00:24"]
[BlackClock "0:00:00"]
[Board "69"]

1. e4 e5 2. Nf3 Nc6 3. Bb5 Nf6 4. d3 Ne7 5. O-O c6 6. Ba4 Ng6 7. d4 d6 8. Re1 Be7 9. c3 O-O 10. Nbd2 a5 11. Bc2 b5 12. Nf1 a4 13. a3 Re8 14. Ng3 c5 15. h3 Qb6 16. Be3 Qb7 17. d5 Bd7 18. Qd2 Reb8 19. Rab1 b4 20. c4 bxa3 21. bxa3 Qc7 22. Ne2 Nh5 23. Nc3 Nhf4 24. Rxb8+ Rxb8 25. Bxa4 Bxa4 26. Nxa4 Ra8 27. Nc3 Rxa3 28. Nb5 Qa5 29. Nxa3 Qxa3 30. Rb1 h6 31. Kh2 Qa4 32. Qc3 Ne2 33. Qb3 Qa6 34. Qb5 Qa3 35. Qe8+ Bf8 36. Rb7 Nd4 37. Qxf7+ Kh7 38. Bxd4 exd4 39. h4 1-0


[Site "https://www.chess.com"]

[Event "Titled Tuesday Blitz August 08 Early 2023"]
[White "Narayanan, Srinath"]
[Black "NovoselovRoman"]
[WhiteFideId "5018420"]
[WhiteElo "2858"]
[BlackElo "2614"]
[Result "1-0"]
[Round "7"]
[TimeControl "180+1"]
[Date "2023.08.08"]
[WhiteClock "0:01:59"]
[BlackClock "0:00:00"]
[Board "70"]

1. Nf3 d5 2. e3 Nf6 3. c4 e6 4. Nc3 Be7 5. b3 c5 6. cxd5 exd5 7. Bb2 Nc6 8. d4 Bg4 9. dxc5 d4 10. exd4 Bxf3 11. Qxf3 Nxd4 12. Bb5+ Nxb5 13. Nxb5 Qa5+ 14. Nc3 Qxc5 15. O-O O-O 16. Qxb7 Rab8 17. Qf3 Rfd8 18. Rfe1 Rd2 19. Na4 Qc7 20. Be5 Bd6 21. Bxf6 gxf6 22. Qxf6 Bf8 23. Qg5+ Bg7 24. Qxd2 Bxa1 25. Rxa1 Rd8 26. Qg5+ Kf8 27. h3 Rd6 28. Re1 Qc2 29. Qe7+ Kg7 30. Qxd6 1-0


[Site "https://www.chess.com"]

[Event "Titled Tuesday Blitz August 08 Early 2023"]
[White "Komov, Roman"]
[Black "Molina, Roberto Junio Brito"]
[WhiteFideId "24175714"]
[BlackFideId "2109450"]
[WhiteElo "2613"]
[BlackElo "2842"]
[Result "1-0"]
[Round "7"]
[TimeControl "180+1"]
[Date "2023.08.08"]
[WhiteClock "0:00:04"]
[BlackClock "0:00:00"]
[Board "71"]

1. e4 c6 2. d4 d5 3. e5 Bf5 4. h4 Qb6 5. Nc3 h6 6. g4 Bd7 7. h5 e6 8. f4 c5 9. Nf3 cxd4 10. Nxd4 Nc6 11. Be3 Qxb2 12. Ncb5 Nxd4 13. Bxd4 Qb4+ 14. c3 Qa5 15. Qb3 a6 16. Bb6 axb5 17. Bxa5 Rxa5 18. a4 Bc5 19. Bd3 Bc6 20. Ke2 bxa4 21. Qc2 Ne7 22. Rhb1 Kd7 23. Rb2 Rha8 24. Rab1 R8a7 25. g5 a3 26. Ra2 Ra4 27. Rf1 hxg5 28. fxg5 Rg4 29. Kd1 Rxg5 30. Rxf7 Rxh5 31. Kc1 Rxe5 32. Rf1 g5 33. Kb1 g4 34. Ka1 g3 35. Qd1 Rg5 36. Be4 Ra4 37. Bg2 Rh4 38. Rd2 Rh2 39. Re1 Bd6 40. c4 Re5 41. cxd5 exd5 42. Rxe5 Bxe5+ 43. Ka2 Kd6 44. Qg4 Bd7 45. Qb4+ Ke6 46. Qxa3 Bc6 47. Qb3 Rh4 48. Qf3 Rf4 49. Qe3 1-0


[Site "https://www.chess.com"]